 Dungeon Crawl Stone Soup version 0.31.0-11-ge490571c62 (webtiles) character file.

Game seed: 6263027439847927428

74 qw the Shooter (level 4, -10/22 HPs)
             Began as a Spriggan Hunter on Feb 4, 2024.
             Mangled by Sigmund
             ... wielding a +0 scythe
              (12 damage)
             ... on level 2 of the Dungeon.
             The game lasted 00:00:03 (781 turns).

qw the Shooter (Spriggan Hunter)                     Turns: 781, Time: 00:00:03

Health: -10/22     AC:  2    Str:  7    XL:     4   Next: 10%
Magic:  5/5        EV: 19    Int: 10    God:
Gold:   44         SH:  0    Dex: 20    Spells: 3/3 levels left

rFire   . . .        a - +0 shortbow
rCold   . . .        (shield currently unavailable)
rNeg    . . .        c - +0 robe
rPois   .            (helmet restricted)
rElec   .            (no cloak)
rCorr   .            (gloves unavailable)
SInv    +            (boots unavailable)
Will    .....        (no amulet)
Stlth   ++           (no ring)
HPRegen 0.23/turn    (no ring)
MPRegen 0.09/turn

%: no passive effects
@: very quick
A: very small, no large weapons, unfitting armour, see invisible, speed 3
a: no special abilities


You were on level 2 of the Dungeon.
You visited 1 branch of the dungeon, and saw 2 of its levels.

You collected 44 gold pieces.


Innate Abilities, Weirdness & Mutations

You are very small and have problems with some larger weapons.
You are too small for most types of armour.
You have supernaturally acute eyesight. (SInv)
You cover ground extremely quickly. (Speed+++)


   Skills:
 - Level 1.5 Fighting
 - Level 5.0 Ranged Weapons
 + Level 4.3 Dodging
 - Level 1.5 Stealth


You had 3 spell levels left.
You didn't know any spells.
Your spell library was empty.

Inventory:

Hand Weapons
 a - a +0 shortbow (weapon)
Armour
 c - a +0 robe (worn)
Jewellery
 d - a +6 ring of intelligence
Wands
 b - a wand of polymorph (8)
Scrolls
 e - 2 scrolls of identify
 g - a scroll of enchant armour
Potions
 f - a potion of enlightenment {unknown}

Dungeon Overview and Level Annotations

Branches:
Dungeon (2/15)

Altars:

Annotations:
D:2 1 runed translucent door, Crazy Yiuf, Sigmund


Message History

You kill the endoplasm!
You see here a rat corpse.
An endoplasm comes into view.
You shoot an arrow. The arrow hits the endoplasm!
You kill the endoplasm!
Found two hammers.
Found two hammers.
Found a hammer.
You see here a +0 hammer.
You see here a +0 hammer.
Crazy Yiuf sings, "Trees, trees, trees, circus!"
Found 7 stones.
f - a lumpy white potion You see here 7 stones.
You see here 7 stones.
Sigmund the Dreaded comes into view.
He is wielding a +0 scythe.
You shoot an arrow. The arrow hits Sigmund.
Sigmund shouts!
Sigmund is lightly wounded.
You shoot an arrow.
The arrow hits Sigmund but does no damage.
Sigmund is lightly wounded.
You shoot an arrow. The arrow hits Sigmund.
Sigmund is lightly wounded.
You shoot an arrow. The arrow closely misses Sigmund.
You shoot an arrow. The arrow hits Sigmund.
Sigmund is moderately wounded.
Sigmund says, "Your kind have come here before.
I understand now why.
You desire death..."
Sigmund hits you from afar with a +0 scythe!
Ouch! That really hurt!
You shoot an arrow. The arrow hits Sigmund!
Sigmund is heavily wounded.
You shoot an arrow. The arrow hits Sigmund!
Sigmund is severely wounded.
Sigmund hits you from afar with a +0 scythe!
You shoot an arrow. The arrow barely misses Sigmund.
Sigmund hits you from afar with a +0 scythe!
Ouch! That really hurt!
You die...
Sigmund begins carving another notch in his scythe.

#.. #.# #.# #.#
#.. #@## #..# ###
#@# #.# ##.# ...
#..# #.# #.## #.#
#.# ##### #.# #.#
#...####.###.#
####............#
...........#.####


You could see Sigmund.

Vanquished Creatures
  Terence (D:2)
  An adder (D:2)
  A dart slug (D:1)
  3 ball pythons
  3 bats
  6 endoplasms
  A giant cockroach (D:1)
  4 hobgoblins (D:1)
  2 quokkas (D:1)
  2 frilled lizards (D:1)
  5 goblins (D:1)
  3 kobolds (D:1)
  3 rats
35 creatures vanquished.

Notes
Turn   | Place    | Note
-------+----------+-------------------------------------------
     0 | D:1      | qw the Spriggan Hunter began the quest for the Orb.
     0 | D:1      | Reached XP level 1. HP: 10/10 MP: 2/2
     0 | D:1      | 0 ||| qw: Version: 0.3-a-160-g6735b56
     0 | D:1      | 0 ||| qw: Game counter: 5852
     0 | D:1      | 0 ||| qw: Melee chars always use a shield: true
     0 | D:1      | 0 ||| qw: God list: Okawaru
     0 | D:1      | 0 ||| qw: Allow faded altars: false
     0 | D:1      | 0 ||| qw: Do Orc after clearing Dungeon:15 true
     0 | D:1      | 0 ||| qw: Do second Lair branch before Depths: true
     0 | D:1      | 0 ||| qw: Lair rune preference: random
     0 | D:1      | 0 ||| qw: Goals: Normal
     0 | D:1      | 0 ||| PLANNING D:1-11
    18 | D:1      | Reached skill level 3 in Dodging
    72 | D:1      | Reached XP level 2. HP: 14/14 MP: 3/3
   376 | D:1      | Reached XP level 3. HP: 18/18 MP: 4/4
   515 | D:1      | 515 ||| DROPPING ring of magical power.
   516 | D:1      | 516 ||| READING scroll labelled AGGEEBEOLE.
   520 | D:1      | 520 ||| READING scroll labelled MYZAFY TURENK.
   520 | D:1      | 520 ||| IDENTIFYING scroll labelled NILOLOXEASM
   521 | D:1      | 521 ||| DROPPING scroll of butterflies.
   556 | D:2      | Noticed Terence
   566 | D:2      | Killed Terence
   567 | D:2      | Reached skill level 5 in Ranged Weapons
   587 | D:2      | 587 ||| FLEEEEING.
   592 | D:2      | 592 ||| FLEEEEING.
   593 | D:2      | 593 ||| FLEEEEING.
   594 | D:2      | 594 ||| FLEEEEING.
   595 | D:2      | 595 ||| FLEEEEING.
   596 | D:2      | 596 ||| FLEEEEING.
   621 | D:2      | Reached XP level 4. HP: 20/22 MP: 5/5
   700 | D:2      | Found a runed translucent door.
   701 | D:2      | Noticed Crazy Yiuf
   773 | D:2      | Noticed Sigmund
   780 | D:2      | HP: 2/22 [Sigmund/+0 scythe (9)]
   781 | D:2      | Mangled by Sigmund

Levels and vault maps discovered:
D:1:      spicycebolla_green_bress_n_ham, layout_basic,
          chequers_serial_rivers_micro_e
D:2:      layout_loops_ring, kennysheep_crisscross, minmay_circle_x,
          uniq_natasha, uniq_crazy_yiuf_cottage, uniq_sigmund, uniq_terence

Skill      XL: |  1  2  3 |
---------------+----------+-----
Dodging        | 3 4 |  4.3
Ranged Weapons | 5 |  5.0
Fighting       | |  1.5
Stealth        | |  1.5

Action                     |  1- 3 |  4- 6 || total
---------------------------+-------+-------++-------
   Fire: Shortbow          |    83 |    11 ||    94
    Use: Scroll            |     2 |       ||     2
 Armour: Robe              |     7 |     3 ||    10
  Dodge: Dodged            |    22 |       ||    22

Table legend:
 A = Non-vault XP
 B = Vault XP
 C = Vault XP percentage of total XP
 D = Non-vault monster count
 E = Vault monster count
 F = Vault count percentage of total count
                 A         B        C        D         E       F
            +---------+---------+-------+---------+---------+-------
      Total |      71 |      36 |  33.6 |      34 |       1 |   2.9
            +---------+---------+-------+---------+---------+-------
        D:1 |      49 |       0 |   0.0 |      28 |       0 |   0.0
        D:2 |      22 |      36 |  62.1 |       6 |       1 |  14.3
            +---------+---------+-------+---------+---------+-------
